 Dungeon Crawl Stone Soup version 0.22.1-1-ga44c0e5 (webtiles) character file.

102 Loudmushroom the Skirmisher (level 4, -4/29 HPs)
             Began as a Gargoyle Fighter on Sept 21, 2018.
             Killed by divine providence
             ... invoked by an orc priest
              (11 damage)
             ... on level 3 of the Dungeon.
             The game lasted 00:08:57 (2194 turns).

Loudmushroom the Skirmisher (Gargoyle Fighter)      Turns: 2194, Time: 00:08:58

Health: -4/29      AC: 14    Str: 21    XL:     4   Next: 78%
Magic:  4/4        EV:  5    Int:  8    God:
Gold:   88         SH:  9    Dex:  9    Spells: 3/3 levels left

rFire    . . .     SeeInvis .   a - +0 war axe
rCold    . . .     Gourm    .   c - +0 shield
rNeg     + . .     Faith    .   o - +0 chain mail
rPois    ∞         Spirit   .   (no helmet)
rElec    +         Reflect  .   (no cloak)
rCorr    .         Harm     .   m - +0 pair of gloves
MR       .....                  (no boots)
Stlth    ..........             (no amulet)
HPRegen  0.09/turn              (no ring)
MPRegen  0.09/turn              (no ring)

@: no status effects
A: negative energy resistance 1, electricity resistance, unbreathing,
petrification resistance, rot immunity, AC +3
a: no special abilities


You were on level 3 of the Dungeon.
You were hungry.

You visited 1 branch of the dungeon, and saw 3 of its levels.

You collected 88 gold pieces.

Inventory:

Hand Weapons
 a - a +0 war axe (weapon)
 b - a +0 hunting sling
 p - a +0 mace
 x - a +0 mace
Missiles
 e - 117 stones (quivered)
 j - 50 bolts
 s - 14 poisoned needles
 u - 15 sling bullets
Armour
 c - a +0 shield (worn)
 m - a +0 pair of gloves (worn)
 o - a +0 chain mail (worn)
Jewellery
 i - an uncursed amulet of guardian spirit {unknown}
 k - a cursed ring of attention {unknown}
 q - an uncursed ring of positive energy {unknown}
Wands
 w - a wand of clouds (6)
Scrolls
 h - 3 scrolls of remove curse {unknown}
 l - a scroll of identify {unknown}
 t - a scroll of enchant weapon {unknown}
 y - a scroll of fog {unknown}
 A - 3 scrolls of teleportation {unknown}
 B - a scroll of amnesia {unknown}
Potions
 d - 2 potions of might
 g - 6 potions of curing {unknown}
 n - 2 potions of heal wounds {unknown}
 r - a potion of brilliance {unknown}
 v - a potion of mutation {unknown}
Comestibles
 f - 7 rations


   Skills:
 + Level 4.0 Fighting
 * Level 3.0 Axes
 + Level 3.9 Armour
 + Level 3.9 Shields


You had 3 spell levels left.
You didn't know any spells.
Your spell library was empty.

Dungeon Overview and Level Annotations

Branches:
Dungeon (3/15)

Altars:
Ru
Uskayaw
Zin


Innate Abilities, Weirdness & Mutations

You are resistant to torment.
Your stone body is resilient. (AC +3)
You are immune to poison.
You resist negative energy. (rN+)
You are resistant to electric shocks. (rElec)
You can survive without breathing.
You are immune to petrification.
You are immune to rotting.


Message History

You hit the orc.
The orc is lightly wounded.
You closely miss the orc. You block the orc's attack. x2
The orc hits you but does no damage.
You closely miss the orc.
The orc is lightly wounded.
You barely miss the orc. You block the orc's attack. x2
The orc priest mumbles some strange prayers to Beogh against you.
Beogh smites you!
* * * LOW HITPOINT WARNING * * *
You closely miss the orc.
The orc is lightly wounded.
You closely miss the orc. The orc hits you but does no damage. x2
The orc barely misses you. You block the orc's attack.
You slash the orc!
You kill the orc!
You closely miss the orc.
The orc priest mumbles some strange prayers to Beogh against you.
Beogh smites you!
You die...

.#.#########.......
..........###......
##...≈...≈..##.#....
#..........$#.#...#
#..........⌠#.....#
.o........$#.....#
#oo≈...≈. #.....#
#)oo..... ##.#...#
#.#####@#########.^....#
#.................#.##.#
##########........#.##.#
#.#####.......# #r#
#.#...... #.# ..........
#.##.##.#..#### #...
....... #.. ......##.


You could see an orc priest and 4 orcs.

Vanquished Creatures
  3 adders
  An ooze (D:2)
  4 worms
  2 dart slugs (D:1)
  A leopard gecko (D:1)
  2 orcs
  5 goblins
  6 hobgoblins
  2 jackals (D:1)
  7 kobolds
  4 quokkas
  6 bats
  2 frilled lizards
  6 rats
51 creatures vanquished.

Notes
Turn   | Place    | Note
-------+----------+-------------------------------------------
     0 | D:1      | Loudmushroom the Gargoyle Fighter began the quest for the
                  | Orb.
     0 | D:1      | Reached XP level 1. HP: 14/14 MP: 1/1
    77 | D:1      | Reached XP level 2. HP: 19/19 MP: 2/2
   501 | D:1      | Reached XP level 3. HP: 23/23 MP: 3/3
  1161 | D:2      | Found a glowing silver altar of Zin.
  1393 | D:2      | Reached XP level 4. HP: 26/29 MP: 4/4
  1763 | D:3      | Found a sacrificial altar of Ru.
  1963 | D:3      | Found a hide-covered altar of Uskayaw.
  1986 | D:3      | Reached skill level 4 in Fighting
  2194 | D:3      | Killed from afar by an orc priest

Skill      XL: |  1  2  3  4 |
---------------+-------------+-----
Axes           | 2 3 |  3.0
Fighting       | 4 |  4.0
Armour         | |  3.9
Shields        | |  3.9

Action                   |  1- 3 |  4- 6 || total
-------------------------+-------+-------++-------
Melee: War axe           |   122 |    81 ||   203
  Eat: Chunk             |     2 |     2 ||     4
Armor: Scale mail        |     6 |       ||     6
       Chain mail        |    70 |    71 ||   141
Dodge: Dodged            |    30 |    18 ||    48
Block: Shield            |    73 |    39 ||   112
